 Dungeon Crawl Stone Soup version 0.31-a0-472-g43a2ca8e1b (webtiles) character file.

Game seed: 13335621277169076479

35 Ethylacetat the Changeling (level 3, -3/24 HPs)
             Began as an Octopode Shapeshifter on Aug 6, 2023.
             Slain by Grinder (9 damage)
             ... while paralysed by Grinder
             ... on level 3 of the Dungeon.
             The game lasted 00:01:36 (1442 turns).

Ethylacetat the Changeling (Octopode Shapeshifter)  Turns: 1442, Time: 00:01:37

Health: -3/24      AC:  1    Str: 14    XL:     3   Next: 33%
Magic:  4/12       EV:  2    Int: 10    God:
Gold:   106        SH:  0    Dex: 14    Spells: 2/2 levels left

rFire   . .          .
                       - Unarmed
rCold   . . .        (no shield)
rNeg    . . .        (helmet currently unavailable)
rPois   .            (no amulet)
rElec   .            j - ring of magical power
rCorr   .            (no ring)
SInv    .            (no ring)
Will    .....        (no ring)
Stlth   ++           (no ring)
HPRegen 0.24/turn    (no ring)
MPRegen 0.13/turn    (no ring)
                     (no ring)

%: no passive effects
@: paralysed, beast-form
A: beast (slay +2), almost no armour, amphibious, 8 rings, camouflage 1,
gelatinous body 1, (nimble swimmer 1), tentacles
a: Begin Untransformation


You were on level 3 of the Dungeon.
You were a hulking beast.
You visited 1 branch of the dungeon, and saw 3 of its levels.

You collected 106 gold pieces.

Inventory:

Jewellery
 j - a ring of magical power (left tentacle)
Talismans
 b - a beast talisman (active)
Scrolls
 c - a scroll of fog {unknown}
 d - a scroll of revelation {unknown}
 e - 2 scrolls of identify {unknown}
 f - 2 scrolls of vulnerability {unknown}
 h - 3 scrolls of teleportation {unknown}
 k - 2 scrolls of blinking {unknown}
 m - a scroll of poison {unknown}
 o - 2 scrolls of immolation {unknown}
Potions
 a - a potion of lignification
 g - a potion of might {unknown}
 i - a potion of haste {unknown}
 l - a potion of magic {unknown}
 n - a potion of heal wounds {unknown}


   Skills:
 + Level 1.7 Fighting
 - Level 2.0 Dodging
 + Level 3.3 Unarmed Combat
 * Level 3.5 Shapeshifting


You had 2 spell levels left.
You didn't know any spells.
Your spell library was empty.

Dungeon Overview and Level Annotations

Branches:
Dungeon (3/15)

Altars:
Trog

Annotations:
D:3 Grinder


Innate Abilities, Weirdness & Mutations

You are a hulking beast.
Your limbs bulge with bestial killing power. (Slay +2)
You cannot wear most types of armour.
You are amphibious.
You can wear up to eight rings at the same time.
Your skin changes colour to match your surroundings (Stealth+).
Your rubbery body absorbs attacks. (AC +1, EV +1)
((You are camouflaged when in or above water. (Stealth+)))
You have tentacles for arms and can constrict up to eight enemies at once.


Message History

Found 6 boomerangs.
Grinder shouts!
Grinder hits you but does no damage.
There is an open door here.
Grinder is nearby!
You tentacle-slap Grinder. You grab Grinder.
Grinder is lightly wounded.
You constrict Grinder.
Grinder blinks free!
Grinder is nearby!
Grinder gestures at you.
You suddenly lose the ability to move!
Grinder gestures at you.
You shrug off the repeated paralysis!
Grinder blinks!
You can move again.
You feel your magic capacity increase.
j - a ring of magical power (left tentacle)
Found a stone staircase leading down.
Grinder gestures at you.
You barely resist. You closely miss Grinder. You grab Grinder.
Grinder is lightly wounded.
You constrict Grinder, but do no damage.
Grinder gestures at you.
You barely resist. You tentacle-slap Grinder. You squeeze Grinder!
Grinder is heavily wounded.
You constrict Grinder. Grinder hits you.
You writhe in agony.
You completely miss Grinder. You tentacle-slap Grinder. You squeeze Grinder.
Grinder is severely wounded.
You constrict Grinder. Grinder gestures at you.
You suddenly lose the ability to move!
You lose your grip on Grinder.
Grinder hits you. Grinder hits you!
* * * LOW HITPOINT WARNING * * *
You writhe in agony.
* * * LOW HITPOINT WARNING * * *
Grinder hits you!
You die...

...>. #....
##....
....#####
####.......###
.............
#..5(...#
#..h....#
#.......#
###'##### #.#
#.# #.# #.#
#####.#
#.....#


You could see Grinder.

Vanquished Creatures
  A worm (D:2)
  A dart slug (D:2)
  2 bats
  2 endoplasms
  2 giant cockroaches (D:2)
  4 goblins
  5 hobgoblins (D:1)
  3 quokkas (D:1)
  3 ball pythons
  2 frilled lizards (D:1)
25 creatures vanquished.

Notes
Turn   | Place    | Note
-------+----------+-------------------------------------------
     0 | D:1      | Ethylacetat the Octopode Shapeshifter began the quest for
                  | the Orb.
     0 | D:1      | Reached XP level 1. HP: 13/13 MP: 1/1
   103 | D:1      | Found a faded altar of an unknown god.
   168 | D:1      | Reached XP level 2. HP: 17/18 MP: 2/2
   811 | D:2      | Reached XP level 3. HP: 9/23 MP: 3/3
  1069 | D:2      | Found a bloodstained altar of Trog.
  1426 | D:3      | Noticed Grinder
  1429 | D:3      | Paralysed by Grinder for 4 turns
  1439 | D:3      | Paralysed by Grinder for 4 turns
  1442 | D:3      | Slain by Grinder

Illustrated notes

Levels and vault maps discovered:
D:1:      dpeg_arrival_rooms_a, layout_loops_ring,
          hellmonk_ecumenical_altar_run_dry, nrook_mini_vaults, minivault_14,
          chequers_decorated_corner
D:2:      layout_loops_ring, basic_altar
D:3:      layout_basic, lemuel_round_altar, elyvilon_altar_3,
          mainiacjoe_overflow_swirl, uniq_grinder, uniq_jessica

Action                     || total
---------------------------++-------
  Melee: Unarmed           ||    54
         Constrict         ||    17
         Punch             ||     4
         Tentacles         ||    12
   Stab: Sleeping          ||     5
 Armour: Skin              ||     4
  Dodge: Dodged            ||    21

Table legend: (Time is in decaauts)
 A = Elapsed time spent in this place.
 B = Non-inter-level travel time spent in this place.
 C = Inter-level travel time spent in this place.
 D = Time resting spent in this place.
 E = Time spent auto-exploring this place.
 F = Levels seen in this place.
 G = Mean time per level.
                   A        B        C        D        E       F      G
               +--------+--------+--------+--------+--------+-----+--------+
         Total |   1438 |   1369 |     69 |      2 |   1166 |   3 |  479.3 |
       Dungeon |   1438 |   1369 |     69 |      2 |   1166 |   3 |  479.3 |
               +--------+--------+--------+--------+--------+-----+--------+

Top non-repeatable levels by time:
     D:1: 689 daAuts
     D:2: 671 daAuts
     D:3: 77 daAuts
